 Dungeon Crawl Stone Soup version 0.18-a0-1202-g796ae12 (webtiles) character file.

63 M4edhros the Charlatan (level 4, -3/28 HPs)
             Began as an Octopode Artificer on Jan 31, 2016.
             Slain by a big kobold (7 damage)
             ... on level 4 of the Dungeon.
             The game lasted 00:01:14 (1000 turns).

M4edhros the Charlatan (Octopode Artificer)         Turns: 1000, Time: 00:01:14

Health: -3/28      AC:  1    Str: 10    XL:     4   Next: 10%
Magic:  6/6        EV: 13    Int: 15    God:
Gold:   75         SH:  0    Dex: 12    Spells: 0 memorised, 3 levels left

rFire  . . .     SeeInvis .     g - +4 whip
rCold  . . .     Gourm    .     (no shield)
rNeg   . . .     Faith    .     (helmet restricted)
rPois  .         Spirit   .     (no amulet)
rElec  .         Dismiss  .     (no ring)
rCorr  .         Reflect  .     (no ring)
SustAt .         Harm     .     (no ring)
MR     .....                    (no ring)
Stlth  +++.......               (no ring)
                                (no ring)
                                (no ring)
                                (no ring)

@: not resistant to hostile enchantments, fairly stealthy
A: almost no armour, amphibious, 8 rings, constrict 8, camouflage 1, gelatinous
body 1
a: no special abilities


You were on level 4 of the Dungeon.
You were not hungry.

You visited 1 branch of the dungeon, and saw 4 of its levels.

You collected 75 gold pieces.

Inventory:

Hand Weapons
 g - a +4 whip (weapon)
 h - a +1 short sword of holy wrath
Wands
 b - a wand of flame (15/48)
 c - a wand of enslavement (15/24)
 d - a wand of random effects (9/48)
Scrolls
 j - a scroll of fear {unknown}
Potions
 a - a potion of invisibility {unknown}
 e - a potion of ambrosia {unknown}
Comestibles
 f - 2 bread rations
 i - a meat ration


   Skills:
 - Level 1.0 Fighting
 - Level 1.0 Short Blades
 * Level 3.1 Dodging
 * Level 3.4 Stealth
 + Level 3.8 Evocations


You had 3 spell levels left.
You didn't know any spells.

Dungeon Overview and Level Annotations

Branches:
Dungeon (4/15)
 Temple: D:4-7

Altars:


Innate Abilities, Weirdness & Mutations

You cannot wear most types of armour.
You are amphibious.
You can wear up to eight rings at the same time.
You can use your tentacles to constrict eight enemies at once.
Your skin changes colour to match your surroundings (Stealth).
Your rubbery body absorbs attacks (AC +1).


Message History

Evoke which item? (* to show all) (? for menu, Esc to quit)
Zapping:
d - a wand of random effects (11/48)
Press: ? - help, Shift-Dir - straight line, f/p - ogre
Aim: an ogre, wielding a giant club (moderately wounded)
The magic dart hits the ogre.
The ogre is heavily wounded.
This wand has 10 charges left.
The ogre hits you with a giant club!
* * * LOW HITPOINT WARNING * * *
Evoke which item? (* to show all) (? for menu, Esc to quit)
Zapping:
c - a wand of enslavement (15/24)
Press: ? - help, Shift-Dir - straight line, f/p - ogre
Aim: an ogre, wielding a giant club (heavily wounded, chance to defeat MR: 53%)
Okay, then.
Evoke which item? (* to show all) (? for menu, Esc to quit)
Zapping:
d - a wand of random effects (10/48)
Press: ? - help, Shift-Dir - straight line, f/p - ogre
Aim: an ogre, wielding a giant club (heavily wounded)
The ogre evaporates and reforms as a big kobold!
This wand has 9 charges left.
The big kobold hits you!
You die...

#.#.##.........>..........#
#.#.##.##.##...##..###.##.#
#......##.###.###..# #.##.#
###.#####.###.###..# #.##.###
##.## #..........# #......#
##...## #####+####.# ####.#.#
##.....## ##...###.# #.#.#
#.......# ##.)...##.######.#.#
##.....####..@....#...........
######...####...K.....####.......
............+.........+..........
######...####.........####...#..#
##.## ##.......## ##.##.##
#.#######.....## ## #.#
#.#..........## #.#
#.#.######..## #.# ####.#.# #..#
#.#


You could see a big kobold.

Vanquished Creatures
  A giant frog skeleton (D:4)
  An adder (D:2)
  2 worms
  5 bats
  2 giant cockroaches
  2 goblins (D:2)
  2 hobgoblins
  2 jackals (D:1)
  A quokka (D:3)
  A ball python (D:3)
  A kobold (D:2)
  A rat (D:3)
21 creatures vanquished.

Notes
Turn   | Place    | Note
--------------------------------------------------------------
     0 | D:1      | M4edhros the Octopode Artificer began the quest for the Orb.
     0 | D:1      | Reached XP level 1. HP: 13/13 MP: 3/3
   216 | D:1      | Reached XP level 2. HP: 16/18 MP: 4/4
   324 | D:2      | Reached XP level 3. HP: 20/23 MP: 5/5
   664 | D:4      | Noticed a sky beast
   799 | D:4      | Noticed an ogre
   824 | D:4      | Reached XP level 4. HP: 18/28 MP: 6/6
  1000 | D:4      | Noticed a big kobold
  1000 | D:4      | an ogre changed into a big kobold
  1000 | D:4      | Slain by a big kobold

Vault maps used:
D:1:      elethiomel_arrival_quiet
D:2:      overflow_temple_1_default, uniq_natasha, uniq_jessica
D:3:      first_bread
D:4:      cheibriados_altar_wand_db, serial_shops, kennysheep_mini_moat

Action                   |  1- 3 |  4- 6 || total
-------------------------+-------+-------++-------
Melee: Short sword       |    12 |       ||    12
       Whip              |    33 |     3 ||    36
Evoke: Wand              |     3 |     3 ||     6
 Stab: Sleeping          |     6 |       ||     6
